 Dungeon Crawl Stone Soup version 0.25.0 (webtiles) character file.

Game seed: 12255377051618028890

158 wetawet the Cudgeler (level 5, -4/53 HPs)
             Began as a Troll Berserker on June 12, 2020.
             Was an Initiate of Dithmenos.
             Slain by a scorpion (8 damage)
             ... on level 5 of the Dungeon.
             The game lasted 00:09:06 (628 turns).

wetawet the Cudgeler (Troll Berserker)               Turns: 628, Time: 00:09:07

Health: -4/53      AC:  6    Str: 26    XL:     5   Next: 16%
Magic:  4/4        EV: 11    Int:  3    God:    Dithmenos [......]
Gold:   10         SH:  0    Dex:  9    Spells: 4/4 levels left

rFire    . . .     SeeInvis .   a - +0 mace
rCold    . . .     Gourm    +   (no shield)
rNeg     . . .     Faith    .   b - +0 animal skin
rPois    .         Spirit   .   (helmet restricted)
rElec    .         Reflect  .   (no cloak)
rCorr    .         Harm     .   (gloves unavailable)
MR       .....                  (boots unavailable)
Stlth    +.........             (no amulet)
HPRegen  0.57/turn              (no ring)
MPRegen  0.09/turn              (no ring)

@: lethally poisoned (-4 -> -5)
A: large, unfitting armour, claws 3, fast metabolism 3, gourmand, regeneration
1, shaggy fur 1, tough skin 3
a: Renounce Religion


You were on level 5 of the Dungeon.
You worshipped Dithmenos.
Dithmenos was noncommittal.
You were full.

You visited 1 branch of the dungeon, and saw 5 of its levels.

You collected 10 gold pieces.

Inventory:

Hand Weapons
 a - a +0 mace (weapon)
Armour
 b - a +0 animal skin (worn)
Scrolls
 e - a scroll of identify
Potions
 d - 2 potions of invisibility
Comestibles
 c - a ration


   Skills:
 + Level 3.0 Fighting
 + Level 4.1 Maces & Flails
 + Level 3.4 Dodging
 + Level 0.1 Stealth


You had 4 spell levels left.
You didn't know any spells.
Your spell library was empty.

Dungeon Overview and Level Annotations

Branches:
Dungeon (5/15)
 Temple: D:4-7

Altars:
Dithmenos
Nemelex Xobeh


Innate Abilities, Weirdness & Mutations

You are too large for most types of armour.
You have claws for hands.
Your metabolism is lightning-fast.
You like to eat raw meat.
Your natural rate of healing is unusually fast.
You are covered in fur. (AC +1)
You have extremely tough skin. (AC +3)


Message History

The scorpion poisons you!
You feel sick. The scorpion completely misses you.
You feel sick. The scorpion barely misses you.
You feel sick. The scorpion barely misses you.
A giant cockroach zombie comes into view.
The scorpion stings you.
* * * LOW HITPOINT WARNING * * *
You feel sick.
The scorpion stings you but does no damage.
There is a shadowy altar of Dithmenos here.
You kneel at the altar of Dithmenos.
Okay, then.
You kneel at the altar of Dithmenos.
You have lost your religion!
Trog does not appreciate desertion!
Dithmenos welcomes you! The scorpion closely misses you.
You hit the scorpion but do no damage. The scorpion stings you!
You die...

#.. #.# #.# ## . #..
.## .... ##Z##..# #+
#..##......# ...
#.#.......# ....
#.....@..# ....##
##.#..s..#
......###.#.....#
#.......#..#.#######
#......)'†..%.......
#####...##...#######
#...###..# #...#
#..# ###.# #..#


You could see a scorpion and a giant cockroach zombie.

Vanquished Creatures
  An ogre (D:5)
  5 adders
  An adder skeleton (D:5)
  A dart slug (D:1)
  2 bats (D:1)
  2 giant cockroaches
  2 goblins (D:1)
  3 hobgoblins
  2 kobolds (D:1)
  A quokka (D:5)
  2 frilled lizards
  A jackal skeleton (D:5)
  2 rats (D:1)
25 creatures vanquished.

Notes
Turn   | Place    | Note
-------+----------+-------------------------------------------
     0 | D:1      | wetawet the Troll Berserker began the quest for the Orb.
     0 | D:1      | Reached XP level 1. HP: 22/22 MP: 0/0
    61 | D:1      | Reached XP level 2. HP: 11/29 MP: 1/1
   110 | D:1      | Reached skill level 3 in Maces & Flails
   266 | D:2      | Reached XP level 3. HP: 6/36 MP: 2/2
   272 | D:2      | HP: 1/36 [hobgoblin (4)]
   317 | D:4      | Reached ** piety under Trog
   464 | D:4      | Found a sparkling altar of Nemelex Xobeh.
   520 | D:4      | Noticed a +0 dagger
   521 | D:4      | Noticed a +0 dagger
   529 | D:5      | Entered Level 5 of the Dungeon
   589 | D:5      | Noticed an ogre
   594 | D:5      | Found a shadowy altar of Dithmenos.
   601 | D:5      | Killed an ogre
   601 | D:5      | Reached skill level 4 in Maces & Flails
   601 | D:5      | Reached XP level 4. HP: 4/45 MP: 3/3
   601 | D:5      | Reached XP level 5. HP: 4/53 MP: 4/4
   627 | D:5      | Fell from the grace of Trog
   627 | D:5      | Became a worshipper of Dithmenos the Shadowed
   628 | D:5      | Slain by a scorpion

Illustrated notes

Levels and vault maps discovered:
D:1:      eino_arrival_water_cross, layout_basic
D:2:      layout_basic, first_ration, minmay_tromino_v4_c
D:3:      layout_rooms, nicolae_overflow_hidden_temple,
          nicolae_overflow_crystal_walls, gup_sewer_entry_spiral, tgw_fedhas
D:4:      layout_basic, dancing_weapons_uskayaw,
          nemelex_xobeh_ov_fountains_minmay, lemuel_doored_altar, tgw_trog
D:5:      layout_basic, lemuel_round_altar, lemuel_coloured_pillars_altar,
          kennysheep_little_box, serial_shops, nicolae_shop_crystal,
          basic_altar, roderic_filled_cross, uniq_ijyb, uniq_pikel

Skill      XL: |  1  2  3 |
---------------+----------+-----
Maces & Flails | 3 4 |  4.1
Dodging        | 3 |  3.4
Fighting       | 3 |  3.0
Stealth        | |  0.1

Action                   |  1- 3 |  4- 6 || total
-------------------------+-------+-------++-------
Melee: Mace              |   113 |    12 ||   125
  Use: Potion            |     3 |       ||     3
       Scroll            |     3 |       ||     3
 Stab: Invisible         |     1 |       ||     1
  Eat: Ration            |     3 |       ||     3
Armor: Animal skin       |    81 |     5 ||    86
Dodge: Dodged            |    90 |    11 ||   101
